 Dungeon Crawl Stone Soup version 0.31.0-32-g396128a36d (webtiles) character file.

Game seed: 16861153335453379825

14812 Peloso the Carver (level 11, -1/101 HPs)
             Began as a Minotaur Fighter on Apr 23, 2024.
             Was a High Priest of Okawaru.
             Slain by a yak (13 damage)
             ... on level 1 of the Lair of Beasts.
             The game lasted 00:23:11 (13121 turns).

Peloso the Carver (Minotaur Fighter)               Turns: 13121, Time: 00:23:12

Health: -1/101     AC: 13    Str: 21    XL:     11   Next: 93%
Magic:  10/10      EV: 11    Int:  5    God:    Okawaru [*****.]
Gold:   908        SH:  6    Dex: 17    Spells: 10/10 levels left

rFire   . . .        a - +11 scimitar "Suoj" {flame, Dex+3}
rCold   . . .        d - +0 buckler
rNeg    . . .        i - +1 chain mail
rPois   +            (helmet restricted)
rElec   .            (no cloak)
rCorr   .            (no gloves)
SInv    .            (no boots)
Will    .....        (no amulet) Stlth
                     h - ring of poison resistance
HPRegen 0.36/turn    (no ring)
MPRegen 0.12/turn

%: no passive effects
@: no status effects
A: horns 2, retaliatory headbutt
a: Renounce Religion, Heroism, Finesse, Duel


You were on level 1 of the Lair of Beasts.
You worshipped Okawaru.
Okawaru was extremely pleased with you.
You visited 3 branches of the dungeon, and saw 14 of its levels.
You also visited: Bailey.

You collected 908 gold pieces.

Inventory:

Hand Weapons
 a - the +11 scimitar "Suoj" (weapon) {flame, Dex+3}
   (You acquired it on level 8 of the Dungeon)

   Dex+3:     It affects your dexterity (+3).
 b - the +7 Throatcutter {drain, coup de grace}
   (You found it in a bailey)
Armour
 d - a +0 buckler (worn)
 g - a +0 scale mail
 i - a +1 chain mail (worn)
 s - the +3 ring mail of Analysis {Rampage Str+5}
   (You found it in a bailey)

   Str+5:     It affects your strength (+5).
   Rampage:   It bestows one free step when moving towards enemies.
Magical Staves
 c - a staff of fire
Jewellery
 h - a ring of poison resistance (left hand)
 E - a ring of positive energy
 F - an amulet of guardian spirit
Talismans
 y - a serpent talisman
 J - a blade talisman
Wands
 x - a wand of iceblast (4)
 H - a wand of flame (13)
 I - a wand of digging (6)
Scrolls
 j - a scroll of acquirement
 n - 5 scrolls of amnesia
 o - 2 scrolls of teleportation
 q - a scroll of blinking
 r - a scroll of summoning {unknown}
 t - a scroll of enchant armour
 v - a scroll of poison
 w - a scroll of brand weapon {unknown}
 z - a scroll of fog {unknown}
 G - a scroll of fear
Potions
 e - 3 potions of brilliance
 f - a potion of enlightenment
 k - a potion of experience
 l - a potion of invisibility {unknown}
 m - a potion of haste {unknown}
 p - a potion of mutation
 u - a potion of berserk rage {unknown}
 A - a potion of lignification {unknown}
 B - a potion of heal wounds
 D - a potion of curing
Miscellaneous
 C - a phial of floods


   Skills:
 + Level 10.6 Fighting
 + Level 14.3 Long Blades
 + Level 11.6 Armour
 + Level 5.3 Dodging
 + Level 2.3 Stealth
 + Level 8.7 Shields
 + Level 0.1 Invocations
 + Level 2.2 Evocations


You had 10 spell levels left.
You didn't know any spells.
Your spell library contained the following spells:

 Spells                   Type           Power      Damage    Failure   Level
 Magic Dart               Conj           0%         1d3       96%         1
 Sting                    Conj/Alch      0%         1d3       96%         1
 Blink                    Tloc           0%         N/A       99%         2
 Ensorcelled Hibernation  Hex/Ice        0%         N/A       99%         2
 Mercury Vapours          Alch/Air       0%         N/A       99%         2
 Sublimation of Blood     Necr           0%         N/A       99%         2
 Dazzling Flash           Conj/Hex       0%         N/A       100%        3
 Fugue of the Fallen      Necr           0%         N/A       100%        3
 Gell's Gravitas          Tloc           0%         N/A       100%        3
 Teleport Other           Tloc           0%         N/A       100%        3
 Volatile Blastmotes      Fire/Tloc      0%         2d10      100%        3
 Anguish                  Hex/Necr       0%         N/A       100%        4
 Olgreb's Toxic Radiance  Alch           0%         N/A       100%        4
 Petrify                  Alch/Erth      0%         N/A       100%        4
 Irradiate                Conj/Alch      0%         3d11      100%        5
 Dispersal                Tloc           0%         N/A       100%        6
 Starburst                Conj/Fire      0%         6d3       100%        6
 Orb of Destruction       Conj           0%         9d5       100%        7
 Maxwell's Capacitive Co  Air            0%         ∞         100%        8
 Call Imp                 Summ           Unusable   N/A       N/A         2
 Summon Blazeheart Golem  Fire/Summ      Unusable   N/A       N/A         4
 Spellforged Servitor     Conj/Summ      Unusable   N/A       N/A         7
 Summon Hydra             Summ           Unusable   N/A       N/A         7

Dungeon Overview and Level Annotations

Branches:
Dungeon (12/15)            Temple (1/1) D:7            Lair (1/5) D:10
    Orc (0/2) D:11         Bailey (visited)

Altars:
Ashenzari
Cheibriados
Dithmenos
Elyvilon
Fedhas
Gozag
Hepliaklqana
Kikubaaqudgha
Makhleb
Nemelex Xobeh
Okawaru
Qazlal
Ru
Sif Muna
Trog
Uskayaw
Vehumet
Wu Jian
Xom
Yredelemnul
Zin
The Shining One

Shops:
D:4 (   D:5 (

Annotations:
D:2 1 runed translucent door, Crazy Yiuf


Innate Abilities, Weirdness & Mutations

You have a pair of horns on your head.
You reflexively headbutt those who attack you in melee.


Message History

The wolf barely misses you. You furiously retaliate!
You headbutt the wolf! The wolf bites you.
You slash the rime drake! You burn the rime drake.
The rime drake is heavily wounded.
The wolf bites you but does no damage. The rime drake barely misses you.
You furiously retaliate!
You headbutt the rime drake! The wolf bites you but does no damage.
You closely miss the rime drake. You headbutt the rime drake!
You kill the rime drake!
Okawaru accepts your kill. The wolf bites you.
* * * LOW HITPOINT WARNING * * *
The wolf completely misses you. You furiously retaliate!
You headbutt the wolf.
A yak comes into view.
The yak bellows!
The wolf bites you but does no damage.
A yak comes into view.
You block the yak's attack.
A yak comes into view.
The wolf bites you but does no damage. The wolf barely misses you.
You furiously retaliate!
You headbutt the wolf!
The yak moves out of view.
Things that are here:
a yak corpse; a wolf corpse; a wolf corpse You hit the wolf but do no damage.
You headbutt the wolf.
The wolf is severely wounded.
The wolf bites you but does no damage. You block the yak's attack.
The wolf bites you.
* * * LOW HITPOINT WARNING * * *
Unknown command.
You slice the wolf!! You burn the wolf.
You kill the wolf!
Okawaru accepts your kill. The wolf barely misses you.
The yak gores you but does no damage. The yak gores you.
* * * LOW HITPOINT WARNING * * *
The wolf bites you!
* * * LOW HITPOINT WARNING * * *
You block the wolf's attack. The yak attacks as it pursues you!
The yak gores you!
You die...

................#...
...P+.#.##..........
#.....#..........
#...<.+......####
#......YY..Y.YY.Y
#.....#YY...Y....
#....YY.#####.##Y
........#Yh# ##
..#.....#@##
...#.P###..# ......
....# ..........
......... .####.####
##


You could see 6 yaks and a wolf.

Vanquished Creatures
  A boulder beetle (D:10)
  3 death yaks (D:10)
  A cyclops (D:11)
  A black mamba (Lair:1)
  2 gargoyles
  5 kobold demonologists
  A rime drake (Lair:1)
  A troll (D:10)
  A shadow (D:11)
  2 wyverns (D:9)
  13 yaks
  Sigmund (D:2)
  4 wraiths
  Eustachio (D:4)
  2 steam dragons
  7 vampire mosquitoes
  An acid dragon (D:11)
  4 water moccasins
  10 orc warriors
  2 ice beasts (D:6)
  3 sky beasts
  2 black bears
  3 ogres
  4 wolves (Lair:1)
  5 kobold brigands
  3 bullfrogs
  A gnoll sergeant (D:7)
  Blork the orc (D:5)
  2 scorpions
  6 killer bees (D:8)
  9 electric eels (Bailey)
  A vampire bat (D:9)
  2 bombardier beetles (D:3)
  3 hounds
  A gnoll bouda (D:4)
  2 orc priests
  8 iguanas
  Ijyb (D:5)
  8 orc wizards
  A hell rat (D:10)
  14 gnolls
  8 adders
  A river rat (D:10)
  A shadow imp (D:8)
  2 white imps
  2 ufetubi (D:7)
  2 ribbon worms (D:2)
  A dart slug (D:2)
  28 orcs
  5 ball pythons (D:1)
  5 bats
  A bat skeleton (D:9)
  3 bat zombies (D:9)
  6 endoplasms
  11 giant cockroaches
  17 goblins
  12 hobgoblins
  6 jackals
  3 quokkas
  3 frilled lizards
  30 kobolds
  14 rats
304 creatures vanquished.

Notes
Turn   | Place    | Note
-------+----------+-------------------------------------------
     0 | D:1      | Peloso the Minotaur Fighter began the quest for the Orb.
     0 | D:1      | Reached XP level 1. HP: 19/19 MP: 0/0
   100 | D:1      | Reached XP level 2. HP: 21/27 MP: 1/1
   459 | D:1      | Reached XP level 3. HP: 33/33 MP: 2/2
   482 | D:1      | Found a faded altar of an unknown god.
   698 | D:2      | Reached skill level 3 in Long Blades
   699 | D:2      | Noticed Sigmund
   720 | D:2      | Killed Sigmund
   721 | D:2      | Reached skill level 4 in Long Blades
   721 | D:2      | Reached XP level 4. HP: 40/41 MP: 3/3
   721 | D:2      | Reached XP level 5. HP: 46/47 MP: 4/4
   744 | D:2      | Found a runed translucent door.
   745 | D:2      | Noticed Crazy Yiuf
   957 | D:2      | Found a hazy altar of Hepliaklqana.
  1494 | D:3      | Reached skill level 5 in Shields
  1496 | D:3      | Reached XP level 6. HP: 55/55 MP: 5/5
  1829 | D:3      | Found a basalt altar of Yredelemnul.
  1969 | D:3      | Reached skill level 1 in Dodging
  2079 | D:3      | Found a shimmering blue altar of Sif Muna.
  2081 | D:3      | Found a bloodstained altar of Trog.
  2162 | D:3      | Reached skill level 5 in Long Blades
  2284 | D:3      | Found a snail-covered altar of Cheibriados.
  2377 | D:3      | Reached skill level 5 in Armour
  2768 | D:4      | Reached skill level 5 in Fighting
  2812 | D:4      | Noticed Eustachio
  3062 | D:4      | Killed Eustachio
  3063 | D:4      | Reached XP level 7. HP: 21/61 MP: 6/6
  3468 | D:4      | Found Xeetedgh's Weapon Emporium.
  3573 | D:4      | Found an opulent altar of Gozag.
  3634 | D:4      | Reached skill level 6 in Long Blades
  4018 | D:5      | Entered Level 5 of the Dungeon
  4333 | D:5      | Found Inkimeki's Antique Weapon Shoppe.
  4354 | D:5      | Reached XP level 8. HP: 11/69 MP: 7/7
  4900 | D:5      | Reached skill level 7 in Long Blades
  4955 | D:5      | Noticed Ijyb
  4971 | D:5      | Killed Ijyb
  5149 | D:5      | Noticed Blork the orc
  5156 | D:5      | Killed Blork the orc
  5703 | D:6      | Identified the +0 robe of the Watchman {Slay+2}
  5781 | D:6      | Found a hazy altar of Hepliaklqana.
  6021 | D:6      | Reached skill level 8 in Long Blades
  6456 | D:6      | Reached XP level 9. HP: 73/75 MP: 8/8
  6468 | D:6      | Reached skill level 9 in Long Blades
  7258 | D:7      | Noticed a kobold demonologist
  7263 | D:7      | Noticed a rust devil
  7310 | D:7      | Noticed a hellwing
  7312 | D:7      | Noticed a soul eater
  7314 | D:7      | Noticed a red devil
  7315 | D:7      | Killed a kobold demonologist
  7657 | D:7      | Found a staircase to the Ecumenical Temple.
  7698 | Temple   | Entered the Ecumenical Temple
  7708 | Temple   | Became a worshipper of Warmaster Okawaru
  7757 | D:7      | Reached skill level 10 in Long Blades
  7913 | D:7      | Identified the +4 leather armour of Conscience {rN+}
  8183 | D:8      | Identified a scroll of acquirement
  8303 | D:8      | Found a flagged portal.
  8340 | Bailey   | Entered a bailey
  8453 | Bailey   | Acquired the +11 scimitar "Suoj" {flame, Dex+3}
  8629 | Bailey   | Reached * piety under Okawaru
  8853 | Bailey   | Noticed a kobold demonologist
  8858 | Bailey   | Killed a kobold demonologist
  8859 | Bailey   | Reached skill level 1 in Stealth
  8859 | Bailey   | Reached XP level 10. HP: 69/86 MP: 9/9
  8919 | Bailey   | Reached skill level 11 in Long Blades
  9235 | Bailey   | Found an iron altar of Okawaru.
  9243 | Bailey   | Reached ** piety under Okawaru
  9244 | Bailey   | Reached skill level 1 in Evocations
  9250 | Bailey   | Found the +7 Throatcutter {drain, coup de grace}
  9329 | Bailey   | Identified the +3 ring mail of Analysis {Rampage Str+5}
 10108 | D:9      | Found a sparkling altar of Nemelex Xobeh.
 10263 | D:9      | Reached *** piety under Okawaru
 10273 | D:9      | Reached skill level 12 in Long Blades
 10275 | D:9      | Reached skill level 10 in Armour
 10587 | D:9      | Noticed a smoke demon
 10594 | D:9      | Reached **** piety under Okawaru
 10842 | D:9      | Reached skill level 5 in Dodging
 10842 | D:9      | Reached XP level 11. HP: 86/97 MP: 10/10
 10972 | D:9      | Found an ancient bone altar of Kikubaaqudgha.
 11286 | D:10     | Entered Level 10 of the Dungeon
 11308 | D:10     | Reached skill level 13 in Long Blades
 11442 | D:10     | Noticed a death yak
 11453 | D:10     | Killed a death yak
 11454 | D:10     | Noticed a death yak
 11454 | D:10     | Noticed a death yak
 11474 | D:10     | Killed a death yak
 11481 | D:10     | Killed a death yak
 11605 | D:10     | Found a staircase to the Lair.
 11645 | D:10     | Identified the +1 ring mail of the Loofah {rPois rF+++
                  | Int+2 Dex-2}
 11668 | D:10     | Found a burning altar of Makhleb.
 11672 | D:10     | Found a blossoming altar of Fedhas.
 11677 | D:10     | Found a shimmering altar of Xom.
 11971 | D:10     | Noticed a boulder beetle
 11997 | D:10     | Killed a boulder beetle
 11998 | D:10     | Reached skill level 10 in Fighting
 12186 | D:11     | Found a staircase to the Orcish Mines.
 12248 | D:11     | Reached ***** piety under Okawaru
 12489 | D:11     | Received a gift from Okawaru
 12632 | D:11     | Reached skill level 14 in Long Blades
 13090 | Lair:1   | Entered Level 1 of the Lair of Beasts
 13121 | Lair:1   | Slain by a yak

Illustrated notes

Levels and vault maps discovered:
D:1:      elethiomel_arrival_shortcut, layout_basic,
          hellmonk_ecumenical_altar_inner_sanctum
D:2:      minmay_roachtagon, layout_basic, basic_altar, grunt_ministairs_9,
          uniq_sigmund, uniq_crazy_yiuf_cottage
D:3:      layout_loops_ring, hellmonk_overflow_destroyed_library,
          chei_slow_surprise, yredelemnul_altar_generic,
          dreamdust_princess_bridge, minmay_goblin_outpost
D:4:      layout_loops_ring, mainiacjoe_overflow_brackets, serial_shops,
          nicolae_shop_bloodbath_and_beyond, nicolae_twisty_statue_hallways,
          uniq_eustachio
D:5:      layout_loops_ring, serial_shops, shop, uniq_ijyb, uniq_blork_the_orc
D:6:      layout_layer_cave, mainiacjoe_overflow_small_starburst,
          serial_bayou_crossing
D:7:      layout_basic, minmay_temple_entry_wispy,
          nicolae_houndstooth_variations
D:8:      layout_basic, enter_bailey_8
D:9:      layout_loops_corners, kennysheep_mini, kennysheep_vampire_church,
          chequers_arboretum, chequers_jeans
D:10:     layout_basic, grunt_temple_overflow_diamond, dpeg_lair_monsters
D:11:     layout_basic, orc_0_dummy
D:12:     layout_loops_ring, serial_library_hellmonk_small_corner
Temple:   jpeg_temple_clearing
Lair:1:   layout_chaotic_city

Skill      XL: |  1  2  3  4  5  6  7  8  9 10 11 |
---------------+----------------------------------+-----
Shields        | 4 5 6 7 8 |  8.7
Armour         | 4 5 6 7 9 10 11 | 11.6
Fighting       | 4 5 6 7 9 10 | 10.6
Long Blades    | 4 5 6 8 10 12 14 | 14.3
Dodging        | 1 2 3 4 5 |  5.3
Stealth        | 1 2 |  2.3
Evocations     | 2 |  2.2
Invocations    | |  0.1

Action                     |  1- 3 |  4- 6 |  7- 9 | 10-12 || total
---------------------------+-------+-------+-------+-------++-------
  Melee: Long sword        |    71 |   177 |   322 |       ||   570
         Headbutt          |     4 |    45 |    60 |    40 ||   149
         Scimitar          |       |       |    35 |   241 ||   276
 Invoke: Heroism           |       |       |       |     1 ||     1
  Evoke: Wand              |       |       |     4 |    13 ||    17
    Use: Potion            |     2 |       |     6 |       ||     8
         Scroll            |     1 |       |    10 |     4 ||    15
 Armour: Scale mail        |    53 |   138 |   239 |     1 ||   431
         Chain mail        |       |       |       |   136 ||   136
  Dodge: Dodged            |    46 |    82 |   172 |   104 ||   404
  Block: Buckler           |    22 |    52 |    82 |    59 ||   215
